 Dungeon Crawl Stone Soup version 0.29-a0-559-g359e09b9d1 (webtiles) character file.

Game seed: 11584630517954719246

201 Lekart the Skirmisher (level 5, -2/42 HPs)
             Began as a Draconian Abyssal Knight on June 10, 2022.
             Was a Priest of Lugonu.
             Splashed by a jelly's acid (4 damage)
             ... on level 4 of the Dungeon.
             The game lasted 00:04:28 (2863 turns).

Lekart the Skirmisher (Draconian Abyssal Knight)    Turns: 2863, Time: 00:04:29

Health: -2/42      AC:  2    Str: 15    XL:     5   Next: 50%
Magic:  7/7        EV: 12    Int: 11    God:    Lugonu [***...]
Gold:   170        SH:  0    Dex: 13    Spells: 4/4 levels left

rFire   . . .      SeeInvis .   a - +1 falchion
rCold   . . .      Faith    .   (no shield)
rNeg    . . .      Spirit   .   (body armour unavailable)
rPois   .          Reflect  .   n - +0 hat
rElec   .          Harm     .   e - +0 cloak
rCorr   .          Rampage  .   (no gloves)
Will    .....                   (no boots)
Stlth   +.........              (no amulet)
HPRegen 0.14/turn               (no ring)
MPRegen 0.10/turn               (no ring)

@: corroded, invisible
A: AC +5, unfitting armour, cold-blooded, frail 1
a: Renounce Religion, Depart the Abyss, Bend Space, Banish


You were on level 4 of the Dungeon.
You worshipped Lugonu.
Lugonu was most pleased with you.
You visited 1 branch of the dungeon, and saw 4 of its levels.
You visited the Abyss 1 time.

You collected 170 gold pieces.

Inventory:

Hand Weapons
 a - a +1 falchion (weapon)
Armour
 e - a +0 cloak (worn)
 n - a +0 hat (worn)
Jewellery
 f - a ring of resist corrosion
Scrolls
 c - a scroll of identify
Potions
 b - a potion of mutation
 d - 2 potions of flight
 g - a potion of cancellation


   Skills:
 + Level 4.4 Fighting
 + Level 3.9 Long Blades
 + Level 3.0 Dodging
 * Level 3.1 Invocations


You had 4 spell levels left.
You didn't know any spells.
Your spell library contained the following spells:

 Spells                   Type           Power      Damage    Failure   Level
 Slow                     Hex            0%         N/A       34%         1
 Confusing Touch          Hex            0%         N/A       71%         3
 Vampiric Draining        Necr           0%         2d6       71%         3


Dungeon Overview and Level Annotations

Branches:
Dungeon (4/15)
 Temple: D:4-7

Altars:

Shops:
D:1 (?

Annotations:
D:4 Blork the orc


Innate Abilities, Weirdness & Mutations

Your plain brown scales are hard. (AC +5)
You cannot fit into any form of body armour.
You are cold-blooded and may be slowed by cold attacks.
You are frail. (-10% HP)


Message History

The hound is engulfed in poison gas.
The hound looks even sicker.
You feel better.
The hound is engulfed in poison gas.
The hound looks even sicker.
A jelly comes into view.
The hound is engulfed in poison gas.
The hound looks as sick as possible!
The orc is engulfed in poison gas.
The orc is poisoned.
The hound is engulfed in poison gas.
The hound looks as sick as possible!
You kill the hound!
Lugonu accepts your kill.
Your Dodging skill increases to level 3!
The jelly quivers.
Lugonu accepts your kill.
You feel a bit more experienced.
Okay, then.
The orc priest miscasts a cantrip.
The orc priest invokes the aid of Beogh against you.
Beogh smites you!
* * * LOW HITPOINT WARNING * * *
A killer bee comes into view.
You see here a +2 pair of boots.
It was a potion of invisibility.
You fade into invisibility!
It was a potion of ambrosia.
You are confused.
You feel invigorated.
The orc priest is engulfed in poison gas.
The orc priest is poisoned.
The orc hits you with a +0 club.
* * * LOW HITPOINT WARNING * * *
The orc hits you but does no damage.
You feel less invigorated.
You feel less confused. The jelly misses you. The orc misses you.
The orc priest invokes the aid of Beogh against you.
Pain shoots through your body!
* * * LOW HITPOINT WARNING * * *
The jelly hits you.
* * * LOW HITPOINT WARNING * * *
The acid corrodes you!
You are splashed with acid.
You die...

#.o.)......
##..?...... #)........
##.......... ...
##..°○......<
#...######....°#######
#[.......o○○.##
#.........o...##
#.........J@...#
..####.....[...# #
##.?..##...# #####.
#..)# ## #...# #...
... ..


You could see a jelly, an orc priest (can't see you, poisoned) and an orc (can't
see you).

Vanquished Creatures
  A hound (D:4)
  2 orc wizards
  6 adders
  An ufetubus (D:3)
  2 dart slugs (D:2)
  6 orcs
  6 ball pythons
  6 endoplasms (D:2)
  4 goblins
  8 hobgoblins
  2 bats (D:1)
  3 frilled lizards
  3 kobolds
  7 rats
57 creatures vanquished.

Notes
Turn   | Place    | Note
-------+----------+-------------------------------------------
     0 | Abyss:1  | Lekart the Draconian Abyssal Knight began the quest for the
                  | Orb.
     0 | Abyss:1  | Reached XP level 1. HP: 19/19 MP: 2/2
     0 | D:1      | Escaped the Abyss
   257 | D:1      | Found Wovezoum's Weapon Boutique.
   472 | D:1      | Found Pawnigyga's Magic Scroll Emporium.
   508 | D:1      | Reached XP level 2. HP: 26/26 MP: 3/3
  1214 | D:2      | Reached XP level 3. HP: 28/33 MP: 4/4
  1519 | D:2      | Reached skill level 4 in Fighting
  1883 | D:3      | Reached XP level 4. HP: 30/40 MP: 5/5
  1910 | D:3      | HP: 2/40 [something (2)]
  2244 | D:3      | Found a faded altar of an unknown god.
  2467 | D:3      | Reached XP level 5. HP: 40/46 MP: 7/7
  2470 | D:3      | Reached *** piety under Lugonu
  2833 | D:4      | Noticed Blork the orc
  2836 | D:4      | Gained mutation: You are frail. (-10% HP) [potion of
                  | mutation]
  2844 | D:4      | Identified a scroll of acquirement
  2844 | D:4      | Acquired 610 gold pieces
  2848 | D:4      | HP: 1/42 [Blork the orc/+0 long sword (4)]
  2857 | D:4      | HP: 1/42 [orc priest/divine providence (11)]
  2863 | D:4      | HP: 2/42 [jelly (1)]
  2863 | D:4      | Splashed by a jelly's acid

Illustrated notes

Levels and vault maps discovered:
D:1:      grunt_arrival_lava_bath, layout_loops_ring, serial_shops, shop_statue,
          nicolae_shop_temple_entry_statues_fountains
D:2:      cheibrodos_old_hovel, layout_basic, minmay_pentomino_r2
D:3:      layout_rooms, hellmonk_ecumenical_altar_leap_of_faith
D:4:      layout_layer_cave, nicolae_overflow_hidden_temple, uniq_blork_the_orc,
          uniq_pikel

Skill      XL: |  1  2  3  4  5 |
---------------+----------------+-----
Fighting       | 4 |  4.4
Long Blades    | 3 |  3.9
Invocations    | 3 |  3.1
Dodging        | 3 |  3.0

Action                   |  1- 3 |  4- 6 || total
-------------------------+-------+-------++-------
Melee: Falchion          |   107 |    90 ||   197
       Tailslap          |    18 |     8 ||    26
Invok: Depart the Abyss  |     1 |       ||     1
  Use: Scroll            |     5 |     3 ||     8
       Potion            |       |     9 ||     9
Armor: Skin              |    38 |    50 ||    88
Dodge: Dodged            |    86 |    61 ||   147

Table legend: (Time is in decaauts)
 A = Elapsed time spent in this place.
 B = Non-inter-level travel time spent in this place.
 C = Inter-level travel time spent in this place.
 D = Time resting spent in this place.
 E = Time spent auto-exploring this place.
 F = Levels seen in this place.
 G = Mean time per level.
                   A        B        C        D        E       F      G
               +--------+--------+--------+--------+--------+-----+--------+
         Total |   2898 |   2831 |     67 |      0 |   2304 |   5 |  579.6 |
       Dungeon |   2898 |   2831 |     67 |      0 |   2304 |   4 |  724.5 |
         Abyss |      0 |      0 |      0 |      0 |      0 |   1 |    0.0 |
               +--------+--------+--------+--------+--------+-----+--------+

Top non-repeatable levels by time:
     D:2: 1060 daAuts
     D:3: 844 daAuts
     D:1: 814 daAuts
     D:4: 178 daAuts
